AoeStats
← cisi1982

Golden Pit

509565914Analyzed
1v1 RM · 5d ago on Sep 27, 2026· 70m 55s· 2 players
Game mode
Random Map
Map size
Tiny (2 player)
Population
200
Speed
Normal
Resources
Standard
Victory
Conquest
Starting age
Dark Age
Ending age
Imperial Age
RankedLock teamsTeams togetherTeam positionsShared explorationLock speedFull tech treeHidden civsTurbo modeCheats
Victory
Defeat
🇺🇸 Magyars · United States
911
+17
🇨🇿 Teutons · Czechia
923
-17
S1lv3r81
7:21 Loom
10:06 Feudal Age
11:40 Double-Bit Axe
20:31 Castle Age
19:28 Padded Archer Armor
19:18 Fletching
19:45 Horse Collar
22:02 Thumb Ring
23:34 Gold Mining
34:01 Bow Saw
36:52 Imperial Age
34:10 Town Watch
35:10 Bodkin Arrow
35:00 Pikeman
36:25 Leather Archer Armor
37:04 Ballistics
39:13 Chemistry
38:56 Scale Mail Armor
41:37 Wheelbarrow
45:48 Heavy Scorpion
52:24 Light Cavalry
53:15 Bloodlines
54:16 Husbandry
54:37 Corvinian Army
56:15 Hussar
60:47 Cavalier
63:16 Scale Barding Armor
65:50 Paladin
67:13 Chain Barding Armor
68:02 Murder Holes
70:11 Conscription
cisi1982
7:43 Loom
10:45 Feudal Age
11:37 Double-Bit Axe
16:25 Castle Age
21:27 Scale Mail Armor
21:59 Squires
25:48 Elite Skirmisher
29:31 Horse Collar
31:58 Fletching
33:11 Ironclad
37:21 Ballistics
39:33 Imperial Age
38:19 Wheelbarrow
37:29 Town Watch
37:27 Man-at-Arms
37:53 Gambesons
38:05 Pikeman
38:09 Long Swordsman
40:48 Bloodlines
43:51 Crenellations
43:04 Two-Handed Swordsman
43:39 Halberdier
48:22 Chemistry
48:16 Forging
48:32 Chain Mail Armor
48:25 Champion
50:09 Iron Casting
50:53 Cavalier
57:48 Plate Mail Armor
58:19 Blast Furnace
59:31 Paladin
64:27 Hand Cart
65:30 Bow Saw
66:17 Scale Barding Armor
66:13 Padded Archer Armor
67:44 Two-Man Saw
71:35 Chain Barding Armor
71:10 Bodkin Arrow
71:30 Leather Archer Armor
Connection lost

Rejoining the realm…

Still unreachable

The connection could not be restored.

Session expired

The server has moved on; the page needs a fresh start.